 Dungeon Crawl Stone Soup version 0.27.0-1-g7a089689b8 (webtiles) character file.

Game seed: 9509188732287848295

262 Descartes the Blocker (level 6, -3/47 HPs)
             Began as a Formicid Fighter on Aug 14, 2021.
             Was an Initiate of Makhleb.
             Slain by a river rat (6 damage)
             ... summoned by Eustachio
             ... on level 4 of the Dungeon.
             The game lasted 00:04:56 (3498 turns).

Descartes the Blocker (Formicid Fighter)            Turns: 3498, Time: 00:04:57

Health: -3/47      AC:  6    Str: 20 (21) XL:     6   Next: 42%
Magic:  6/6        EV:  9    Int:  6 (7)  God:    Makhleb [......]
Gold:   132        SH: 11    Dex: 11 (12) Spells: 5/5 levels left

rFire    . . .     SeeInvis +   a - +0 war axe
rCold    . . .     Faith    .   c - +0 kite shield
rNeg     . . .     Spirit   .   b - +0 scale mail
rPois    .         Reflect  .   (helmet unavailable)
rElec    .         Harm     .   (no cloak)
rCorr    .         Rampage  .   (no gloves)
Will     .....                  (no boots)
Stlth    ..........             (no amulet)
HPRegen  0.15/turn              (no ring)
MPRegen  0.10/turn              (no ring)

@: mighty, flying
A: permanent stasis, dig shafts and tunnels, antennae 3, four strong arms
a: Dig, Shaft Self, Renounce Religion


You were on level 4 of the Dungeon.
You worshipped Makhleb.
Makhleb was noncommittal.
You visited 1 branch of the dungeon, and saw 4 of its levels.

You collected 132 gold pieces.

Inventory:

Hand Weapons
 a - a +0 war axe (weapon)
Missiles
 e - 28 poisoned darts
 i - 21 stones
 j - 4 curare-tipped darts
 l - 6 atropa-tipped darts
 n - 22 arrows
Armour
 b - a +0 scale mail (worn)
 c - a +0 kite shield (worn)
Jewellery
 r - a ring of protection from fire
Scrolls
 f - 4 scrolls of teleportation {unknown}
 g - 2 scrolls of identify {unknown}
 h - 2 scrolls of holy word {unknown}
 m - 2 scrolls of noise {unknown}
 o - a scroll of blinking {unknown}


   Skills:
 - Level 3.2 Fighting
 - Level 2.0 Axes
 - Level 3.2 Armour
 + Level 8.1 Shields


You had 5 spell levels left.
You didn't know any spells.
Your spell library contained the following spells:

 Spells                   Type           Power      Damage    Failure   Level
 Gell's Gravitas          Tloc           0%         N/A       99%         3
 Teleport Other           Tloc           0%         N/A       99%         3
 Dispersal                Tloc           0%         N/A       100%        6


Dungeon Overview and Level Annotations

Branches:
Dungeon (4/15)
 Temple: D:4-7

Altars:
Dithmenos
Makhleb
Okawaru
Qazlal
Sif Muna
Yredelemnul
Zin

Shops:
D:3 *

Annotations:
D:4 Eustachio


Innate Abilities, Weirdness & Mutations

You cannot be hasted, slowed, berserked, paralysed or teleported.
You can dig through walls and to a lower floor.
You have a pair of large antennae on your head. (SInv)
Your four strong arms can wield two-handed weapons with a shield.


Message History

The river rat bites you.
Eustachio mumbles some strange words.
Eustachio blinks!
Number of times to repeat, then command key: You must enter the number of times for the command to repeat.
You extend your mandibles.
You dig through the rock wall.
You block the river rat's attack.
You dig through the rock wall.
Eustachio casts a spell.
Eustachio blinks!
You dig through the rock wall.
You dig through the rock wall.
You dig through the rock wall.
The river rat bites you.
* * * LOW HITPOINT WARNING * * *
You dig through the rock wall.
You retract your mandibles.
Unknown command.
You extend your mandibles.
You dig through the rock wall.
You block the river rat's attack.
You dig through the rock wall.
You dig through the rock wall.
You dig through the rock wall.
The river rat barely misses you.
Unknown command.
You feel very mighty all of a sudden. You block the river rat's attack.
You feel mightier all of a sudden. The river rat bites you!
* * * LOW HITPOINT WARNING * * *
It was a potion of haste.
Your stasis prevents you from being hasted.
You block the river rat's attack.
It was a potion of degeneration.
There was something very wrong with that liquid.
You feel weakened.
You feel dopey.
You feel clumsy. The river rat bites you.
* * * LOW HITPOINT WARNING * * *
It was a potion of flight.
You feel very buoyant.
You fly up into the air.
The river rat bites you.
You die...

#######............
...................
...?..............#
.........r.r......#
.......).##.#######
.........#.##
.........##.####
.........#.###r##
$........##{#{#@#
...(.....#.#r####
............##
............#
.#######....#
#....# #....#
#....# #....#


You could see a river rat (summoned).

Vanquished Creatures
  A necrophage (D:3)
  A water moccasin skeleton (D:4)
  A howler monkey (D:4)
  3 adders (D:2)
  2 worms
  A dart slug (D:2)
  An orc (D:3)
  8 ball pythons
  2 bats
  5 endoplasms
  2 goblins
  8 hobgoblins
  7 jackals
  2 quokkas
  4 frilled lizards
  8 kobolds
  4 rats
60 creatures vanquished.

Notes
Turn   | Place    | Note
-------+----------+-------------------------------------------
     0 | D:1      | Descartes the Formicid Fighter began the quest for the Orb.
     0 | D:1      | Reached XP level 1. HP: 18/18 MP: 1/1
   126 | D:1      | Reached skill level 4 in Shields
   253 | D:1      | Reached XP level 2. HP: 11/24 MP: 2/2
   950 | D:2      | Found a faded altar of an unknown god.
   960 | D:2      | Reached XP level 3. HP: 29/29 MP: 3/3
   968 | D:2      | Reached skill level 5 in Shields
  1401 | D:2      | You fall into a shaft and drop 1 floor!
  1434 | D:3      | Noticed a necrophage
  1440 | D:3      | Killed a necrophage
  1441 | D:3      | Reached skill level 6 in Shields
  1441 | D:3      | Reached XP level 4. HP: 30/35 MP: 4/4
  1441 | D:3      | Reached XP level 5. HP: 36/41 MP: 5/5
  1563 | D:3      | Found a glowing silver altar of Zin.
  1565 | D:3      | Found Zin's Purification Station.
  1588 | D:3      | Found a basalt altar of Yredelemnul.
  1625 | D:3      | Reached skill level 7 in Shields
  1739 | D:3      | Found a shimmering blue altar of Sif Muna.
  1741 | D:3      | Found an iron altar of Okawaru.
  1743 | D:3      | Found a stormy altar of Qazlal.
  1743 | D:3      | Found a shadowy altar of Dithmenos.
  1744 | D:3      | Found a burning altar of Makhleb.
  1756 | D:3      | Became a worshipper of Makhleb the Destroyer
  3374 | D:4      | Reached XP level 6. HP: 27/47 MP: 6/6
  3377 | D:4      | Reached skill level 8 in Shields
  3466 | D:4      | Noticed Eustachio
  3498 | D:4      | Slain by a river rat

Illustrated notes

Levels and vault maps discovered:
D:1:      grunt_arrival_lava_bath, layout_basic, minmay_statues_item
D:2:      layout_basic, chequers_ecumenical_altar_simple, hangedman_decor_lopped
D:3:      layout_loops_corners, zin_purify, grunt_temple_overflow_open
D:4:      layout_basic, uniq_eustachio

Skill      XL: |  1  2  3  4  5  6 |
---------------+-------------------+-----
Shields        | 4 6 7 8 |  8.1
Fighting       | |  3.2
Axes           | |  2.0
Armour         | |  3.2

Action                   |  1- 3 |  4- 6 || total
-------------------------+-------+-------++-------
Melee: War axe           |    83 |    86 ||   169
 Abil: Dig               |       |     2 ||     2
  Use: Potion            |       |     5 ||     5
Armor: Scale mail        |    38 |    23 ||    61
Dodge: Dodged            |    37 |    21 ||    58
Block: Kite shield       |    70 |    49 ||   119
